 Dungeon Crawl Stone Soup version 0.30.0-5-g1a98f26d00 (webtiles) character file.

Game seed: 17280601535581704586

4165 eppigd the Cudgeller (level 10, 0/100 (109) HPs)
             Began as a Formicid Hexslinger on May 8, 2023.
             Was a Believer of Makhleb.
             Slain by Amaemon
             ... wielding a -2 demon whip of venom
              (5 damage)
             ... on level 8 of the Dungeon on May 9, 2023.
             The game lasted 00:57:47 (9970 turns).

eppigd the Cudgeller (Formicid Hexslinger)          Turns: 9970, Time: 00:57:48

HP:   0/100 (109)   AC: 25    Str: 22    XL:     10   Next: 53%
MP:   17/17         EV:  2    Int: 13    God:    Makhleb [**....]
Gold: 493           SH:  5    Dex: 13    Spells: 17/18 levels left

rFire   . . .        B - +0 battleaxe (vamp)
rCold   . . .        i - +0 buckler
rNeg    + . .        r - melded +0 scale mail
rPois   +            (helmet unavailable)
rElec   .            (cloak currently unavailable)
rCorr   .            v - melded +1 pair of gloves
SInv    .            t - melded +0 pair of boots
Will    +....        y - amulet of regeneration
Stlth   ++           h - ring of positive energy
HPRegen 1.16/turn    (no ring)
MPRegen 0.15/turn

%: no passive effects
@: lethally poisoned (0 -> -4), tree-form, drained
A: stationary, stasis, torment immunity, boosted hp, permanent stasis, dig
shafts and tunnels, (antennae 3), four strong arms, (iridescent scales 1),
strong 1
a: Renounce Religion, Minor Destruction


You were on level 8 of the Dungeon.
You worshipped Makhleb.
Makhleb was pleased with you.
You were a tree.
You visited 2 branches of the dungeon, and saw 10 of its levels.

You collected 493 gold pieces.

Inventory:

Hand Weapons
 a - a +1 sling
 b - a +3 mace of protection
 f - a +0 whip of flaming
 m - a +1 war axe of flaming
 o - a +0 whip
 q - a +1 whip of flaming
 B - a +0 vampiric battleaxe (weapon)
 D - a +0 giant spiked club
Missiles
 z - 2 throwing nets
Armour
 i - a +0 buckler (worn)
 k - a +0 ring mail
 l - a +2 robe of fire resistance
 p - a +2 chain mail of fire resistance
 r - a +0 scale mail (melded)
 s - a +0 plate armour
 t - a +0 pair of boots (melded)
 v - a +1 pair of gloves (melded)
Jewellery
 h - a ring of positive energy (left branch)
 y - an amulet of regeneration (around neck)
Wands
 c - a wand of charming (13)
 j - a wand of flame (47)
 A - a wand of digging (6)
 C - a wand of iceblast (6)
Scrolls
 d - a scroll of amnesia
 e - 2 scrolls of poison
 g - a scroll of enchant weapon
 n - 2 scrolls of magic mapping
 u - a scroll of identify
Potions
 w - a potion of brilliance
 x - a potion of flight


   Skills:
 * Level 4.5 Fighting
 * Level 3.1(5.4) Axes
 - Level 7.0(7.3) Maces & Flails
 - Level 2.0 Ranged Weapons
 * Level 6.9 Armour
 + Level 2.9 Dodging
 * Level 3.7 Stealth
 - Level 5.0 Shields
 + Level 4.7 Spellcasting
 + Level 6.1 Hexes
 * Level 2.8 Invocations
 * Level 3.6 Evocations


You had 17 spell levels left.
You knew the following spells:

 Your Spells              Type           Power      Damage    Failure   Level
a - Slow                  Hex            76%        N/A       1%          1

Your spell library contained the following spells:

 Spells                   Type           Power      Damage    Failure   Level
 Inner Flame              Hex/Fire       11%        N/A       19%         3
 Portal Projectile        Hex/Tloc       22%        N/A       19%         3
 Cause Fear               Hex            9%         N/A       19%         4
 Necrotise                Necr           12%        1d4       22%         1
 Sandblast                Erth           6%         2d5       22%         1
 Passwall                 Tmut/Erth      2%         N/A       34%         2
 Stone Arrow              Conj/Erth      6%         3d7       56%         3
 Vampiric Draining        Necr           3%         2d6       56%         3
 Agony                    Necr           3%         N/A       99%         5


Dungeon Overview and Level Annotations

Branches:
Dungeon (9/15)             Temple (1/1) D:4
   Lair: D:8-11         Orc: D:9-12

Altars:
Ashenzari
Cheibriados
Dithmenos
Elyvilon
Fedhas
Kikubaaqudgha
Makhleb
Nemelex Xobeh
Sif Muna
Trog
Uskayaw
Vehumet
Wu Jian
Xom
Yredelemnul
Zin

Shops:
D:6 [

Annotations:
D:8 Amaemon


Innate Abilities, Weirdness & Mutations

You are a tree.
Your roots penetrate the ground, keeping you stationary.
You cannot be teleported.
You are immune to unholy pain and torment.
Your maximum health is greatly increased.
Your equipment is partially melded.
You cannot be hasted, slowed, berserked, paralysed or teleported.
You can dig through walls and to a lower floor.
((You have a pair of large antennae on your head. (SInv)))
Your four strong arms can wield two-handed weapons with a shield.
((You are partially covered in iridescent scales. (AC +2)))
Your muscles are strong. (Str +4, Int/Dex -1)


Message History

Unknown command.
Unknown command.
Unknown command.
You cannot move.
Unknown command.
Unknown command.
You slash the scorpion!
You kill the scorpion!
The scorpion's corpse disappears in a puff of smoke!
You hit Amaemon.
You feel better.
You hit the scorpion. You hit the scorpion but do no damage.
You feel very sick. You block the scorpion's attack. x2
Amaemon hits you with a -2 demon whip of venom!
* * * LOW HITPOINT WARNING * * *
You are more poisoned.
Amaemon claws you.
* * * LOW HITPOINT WARNING * * *
Amaemon tail-slaps you but does no damage.
The scorpion stings you but does no damage.
The scorpion barely misses you.
Unknown command.
Unknown command.
Unknown command.
Unknown command.
Okay, then.
Okay, then.
You barely miss Amaemon.
Amaemon is moderately wounded.
You hit the scorpion but do no damage. You closely miss the scorpion.
* * * LOW HITPOINT WARNING * * *
You feel very sick.
The scorpion disappears in a puff of smoke!
The scorpion completely misses you.
Amaemon gestures at the scorpion while chanting.
The scorpion seems to grow toxic.
The scorpion stings you but does no damage.
The scorpion completely misses you.
Amaemon hits you with a -2 demon whip of venom.
You die...

#.###..##.##.##...#
#.######.##
#......##.##.##.#.# #.#
#.##
#..##..##.##.##.#.#####.#
#.##
#..##..##.##....#....##.#
#.##
#..##......#.#######....#
#.##
#........<.#...s#....####
#...
#..........####s#.####
#### ######.###.####6#.#
# #...[.....s♣.# #
#####.#####s## # #.# #.#
# #.# #.# ####### #.# #.#
#(..... #####.# #.#
#.##### #.))).#
#.##########.# # #.###.#
#.....[..)...# ##
#.#...##
#..##############.


You could see Amaemon and 4 scorpions.

Vanquished Creatures
  A two-headed ogre (D:8)
  Pikel (D:5)
  Joseph (D:7)
  2 wyverns (D:7)
  2 black bears
  An orc warrior (D:7)
  2 sky beasts
  An ogre (D:6)
  A centaur (D:7)
  3 lemures
  3 bullfrogs
  3 scorpions
  8 wights
  5 killer bees (D:8)
  4 orc priests
  3 hounds
  2 jellies
  2 gnoll boudas (D:6)
  4 iguanas
  4 orc wizards
  12 gnolls
  4 adders
  2 white imps
  2 ufetubi
  A worm (D:2)
  3 dart slugs
  30 orcs
  9 ball pythons
  5 endoplasms
  2 giant cockroaches (D:2)
  3 goblins
  11 hobgoblins
  4 jackals (D:4)
  7 quokkas
  6 bats
  7 frilled lizards
  6 kobolds
  3 rats
170 creatures vanquished.

Vanquished Creatures (others)
  An orc wizard (D:5)
1 creature vanquished.

Grand Total: 171 creatures vanquished

Notes
Turn   | Place    | Note
-------+----------+-------------------------------------------
     0 | D:1      | eppigd the Formicid Hexslinger began the quest for the Orb.
     0 | D:1      | Reached XP level 1. HP: 15/15 MP: 2/2
    98 | D:1      | Reached XP level 2. HP: 16/21 MP: 1/3
   533 | D:1      | Reached XP level 3. HP: 14/26 MP: 4/4
  1238 | D:2      | Reached skill level 1 in Shields
  1445 | D:2      | Reached skill level 1 in Maces & Flails
  1481 | D:2      | Reached XP level 4. HP: 32/32 MP: 6/6
  1599 | D:2      | Found a faded altar of an unknown god.
  1969 | D:3      | Reached skill level 1 in Armour
  2258 | D:3      | Noticed a bullfrog
  2269 | D:3      | Killed a bullfrog
  2270 | D:3      | Reached XP level 5. HP: 37/38 MP: 5/7
  2394 | D:3      | Found an ornate altar of the Wu Jian Council.
  2395 | D:3      | Found an ancient bone altar of Kikubaaqudgha.
  2414 | D:3      | Found a basalt altar of Yredelemnul.
  2415 | D:3      | Found a bloodstained altar of Trog.
  2421 | D:3      | Reached skill level 2 in Maces & Flails
  2781 | D:4      | Reached XP level 6. HP: 41/44 MP: 6/9
  2814 | D:4      | Reached skill level 3 in Maces & Flails
  3059 | D:4      | Reached XP level 7. HP: 46/50 MP: 11/11
  3369 | D:4      | Found a staircase to the Ecumenical Temple.
  3404 | Temple   | Entered the Ecumenical Temple
  3418 | Temple   | Became a worshipper of Makhleb the Destroyer
  3773 | D:5      | Entered Level 5 of the Dungeon
  3827 | D:5      | Noticed Pikel
  4016 | D:5      | Reached skill level 4 in Maces & Flails
  4386 | D:5      | Gained mutation: You occasionally lose the ability to read
                  | scrolls when taking damage. [potion of mutation]
  4386 | D:5      | Gained mutation: You have large cloven feet. [potion of
                  | mutation]
  5001 | D:5      | Killed Pikel
  5002 | D:5      | Reached skill level 5 in Maces & Flails
  5002 | D:5      | Reached skill level 5 in Hexes
  5002 | D:5      | Reached XP level 8. HP: 31/57 MP: 11/13
  5875 | D:6      | Found Winob's Armour Shoppe.
  5982 | D:5      | Reached skill level 5 in Armour
  5982 | D:5      | Reached XP level 9. HP: 43/62 MP: 12/14
  6070 | D:6      | Reached skill level 6 in Maces & Flails
  6160 | D:6      | Reached * piety under Makhleb
  6307 | D:6      | Reached skill level 1 in Stealth
  6522 | D:6      | Reached skill level 5 in Shields
  7317 | D:8      | Reached skill level 1 in Invocations
  7317 | D:8      | Reached skill level 1 in Evocations
  7549 | D:7      | Reached skill level 7 in Maces & Flails
  7875 | D:7      | Reached XP level 10. HP: 59/69 MP: 14/16
  7923 | D:7      | Lost mutation: You occasionally lose the ability to read
                  | scrolls when taking damage. [potion of mutation]
  7923 | D:7      | Lost mutation: You have large cloven feet. [potion of
                  | mutation]
  7923 | D:7      | Gained mutation: Your muscles are strong. (Str +4, Int/Dex
                  | -1) [potion of mutation]
  7923 | D:7      | Gained mutation: You are partially covered in iridescent
                  | scales. (AC +2) [potion of mutation]
  7984 | D:7      | Noticed Joseph
  8265 | D:7      | Killed Joseph
  8266 | D:7      | Reached skill level 1 in Axes
  8656 | D:8      | Noticed a two-headed ogre
  8844 | D:8      | Reached ** piety under Makhleb
  8951 | D:8      | Killed a two-headed ogre
  9231 | D:8      | Noticed an orange demon
  9232 | D:8      | Noticed Amaemon
  9970 | D:8      | HP: 5/100 [poisoned by Amaemon]
  9970 | D:8      | Slain by Amaemon

Illustrated notes

Levels and vault maps discovered:
D:1:      eino_arrival_water_cross, layout_basic
D:2:      layout_basic, shapermc_ecumenical_altar_acropolis
D:3:      layout_loops_ring, chequers_temple_overflow_statue_of_worship
D:4:      layout_rooms, minmay_temple_entry_antechambers,
          hangedman_decor_growths
D:5:      layout_layer_cave, uniq_pikel
D:6:      layout_rooms, serial_shops, shop
D:7:      layout_basic, uniq_joseph
D:8:      layout_loops_ring, uniq_amaemon
D:9:      layout_rooms, uniq_prince_ribbit1, uniq_harold, uniq_grum
Temple:   nicolae_temple_two_arcs

Skill      XL: |  1  2  3  4  5  6  7  8  9 10 |
---------------+-------------------------------+-----
Hexes          | 4 5 6 |  6.1
Shields        | 1 2 4 5 |  5.0
Maces & Flails | 1 2 3 5 7 |  7.0
Armour         | 1 2 4 5 6 |  6.9
Dodging        | 2 |  2.9
Spellcasting   | 2 3 4 |  4.7
Fighting       | 2 3 4 |  4.5
Stealth        | 2 3 |  3.7
Invocations    | 1 2 |  2.8
Evocations     | 1 3 |  3.6
Axes           | 3 |  3.1
Ranged Weapons | |  2.0

Action                     |  1- 3 |  4- 6 |  7- 9 | 10-12 || total
---------------------------+-------+-------+-------+-------++-------
  Melee: Whip              |   111 |     3 |       |       ||   114
         Mace              |       |    89 |   482 |    26 ||   597
         Kick              |       |       |    22 |       ||    22
         Battleaxe         |       |       |       |   101 ||   101
   Fire: Sling             |    73 |     9 |     2 |       ||    84
   Cast: Slow              |    19 |    24 |    82 |    20 ||   145
  Evoke: Wand              |       |       |       |     6 ||     6
    Use: Scroll            |     3 |     6 |     3 |     3 ||    15
         Potion            |       |     1 |    12 |     3 ||    16
   Stab: Sleeping          |     1 |       |       |       ||     1
 Armour: Robe              |    16 |       |       |       ||    16
         Ring mail         |    20 |    20 |    21 |       ||    61
         Scale mail        |       |       |   191 |    78 ||   269
         Skin              |       |       |       |    46 ||    46
  Dodge: Dodged            |    67 |    40 |   184 |    65 ||   356
  Block: Buckler           |    17 |    11 |   103 |    56 ||   187
